cohdb
Replays
Latest Replays
All Replays
Popular Replays
Top Player Replays
Match Explorer
How It Works
Community
CoH3 Stats
Reddit
Sign in to upload your games and track your stats! →
Sign in with Steam
Match 39480913
Unlisted
Match 39480913
Overview
Messages
Build Orders
End
Pioneer Squad
Construct Infanterie Kompanie
Grenadier Squad
MG 42 Machine Gun Team
Grenadier Squad
Grenadier Squad
Construct Panzergrenadier Kompanie
Medical Bunker
Pak 40 Anti-tank Gun Team
Construct Panzer Kompanie
Selects Luftwaffe Battlegroup
Selects Luftwaffe Pioneer Support
Selects LG40 Recoilless Gun Paradrop
Selects Infantry Reserves
Sturmpanzer IV Brummbär
Pak 40 Anti-tank Gun Team
Selects Reconnaissance Run
Selects Fallschirmjäger Squad Paradrop
Sturmpanzer IV Brummbär
Side Skirts
Selects Stuka Loiter
Support Elements
Stuka Loiter
『BlackBear』
Kpen
0
0
Comments
sign in to comment!
No comments posted yet!